 Dungeon Crawl Stone Soup version bcrawl-1.13.1-9-ga81ed0b431 (webtiles) character file.

Game seed: 2451581363797096672

1843 Revguard the Chopper (level 8, -2/61 HPs)
             Began as a Demonspawn Archaeologist on Aug 7, 2019.
             Was an Initiate of Makhleb.
             Slain by an orc warrior
             ... wielding a cursed -2 war axe
              (13 damage)
             ... on level 6 of the Dungeon.
             The game lasted 00:12:18 (5120 turns).

Revguard the Chopper (Demonspawn Archaeologist)     Turns: 5120, Time: 00:12:18

Health: -2/61      AC: 14    Str: 10    XL:     8   Next: 87%
Magic:  20/20      EV:  6    Int: 19    God:    Makhleb [......]
Gold:   236        SH:  5    Dex: 16    Spells: 7/7 levels left

rFire    . . .     SeeInvis .   a - +10 long sword of Mimathript {slice, Str-5 Int+4 Dex+5}
rCold    . . .     Gourm    .   (no shield)
rNeg     + . .     Faith    .   o - +0 chain mail
rPois    .         Spirit   .   c - +1 hat
rElec    .         Reflect  +   l - +0 cloak {+Inv}
rCorr    .         Harm     .   (no gloves)
MR       .....                  d - +1 pair of boots
Stlth    ..........             n - +5 amulet of reflection
HPRegen  0.20/turn              i - ring of magical power
MPRegen  0.17/turn              s - ring of positive energy

@: very slightly contaminated, studying Axes
A: beak, talons 1, mutation resistance 1, spiny 1, rot immunity
a: Renounce Religion, Evoke Invisibility


You were on level 6 of the Dungeon.
You worshipped Makhleb.
Makhleb was noncommittal.
You were not hungry.

You visited 2 branches of the dungeon, and saw 7 of its levels.

You collected 259 gold pieces.
You spent 23 gold pieces at shops.

Inventory:

Hand Weapons
 a - the +10 long sword of Mimathript (weapon) {slice, Str-5 Int+4 Dex+5}
   (You found it on level 4 of the Dungeon)

   It inflicts extra damage upon your enemies.
   It affects your strength (-5).
   It affects your intelligence (+4).
   It affects your dexterity (+5).
 j - a +7 dagger
Armour
 c - a +1 hat (worn)
 d - a +1 pair of boots (worn)
 l - a +0 cloak of invisibility (worn)
 o - a +0 chain mail (worn)
Jewellery
 i - a ring of magical power (left hand)
 n - a +5 amulet of reflection (around neck)
 s - a ring of positive energy (right hand)
Wands
 b - a wand of random effects (8)
Scrolls
 p - 2 scrolls of fear
 u - 2 scrolls of identify
 v - a scroll of magic mapping {unknown}
 w - 2 scrolls of remove curse {unknown}
Potions
 h - 2 potions of ambrosia
 k - 2 potions of might {unknown}
 m - 3 potions of lignification
 q - 2 potions of berserk rage
 r - a potion of curing
 t - 2 potions of magic {unknown}
Books
 e - a manual of Axes
Miscellaneous
 f - an ancient crate
Comestibles
 g - 6 rations {!d}
 x - 3 chunks of flesh


   Skills:
 + Level 4.3 Fighting
 - Level 0.7(0.8) Short Blades
 - Level 0.4(0.6) Long Blades
 * Level 5.7(5.8) Axes
   Level 1.1(3.7) Maces & Flails
 * Level 5.4 Armour
 + Level 4.9 Dodging
 - Level 3.0 Stealth
 * Level 3.0 Invocations
 * Level 4.6 Evocations


You had 7 spell levels left.
You didn't know any spells.
Your spell library contained the following spells:

 Spells                   Type           Power        Failure   Level  Hunger
 Apportation              Tloc           #.....       100%        1    ##.....
 Infusion                 Chrm           #.......     100%        1    ##.....
 Magic Dart               Conj           #...         100%        1    ##.....
 Sandblast                Erth           #.....       100%        1    ##.....
 Slow                     Hex            #.......     100%        1    ##.....
 Summon Butterflies       Summ           #.......     100%        1    ##.....
 Blink                    Tloc           N/A          100%        2    ###....
 Call Imp                 Summ           #.......     100%        2    ###....
 Conjure Flame            Conj/Fire      #.......     100%        3    ####...
 Mephitic Cloud           Conj/Pois/Air  #.......     100%        3    ####...


Dungeon Overview and Level Annotations

Branches:
Dungeon (6/12)             Temple (1/1) D:4

Altars:
Ashenzari
Cheibriados
Dithmenos
Fedhas
Gozag
Hepliaklqana
Kikubaaqudgha
Makhleb
Nemelex Xobeh
Okawaru
Sif Muna
Trog
Vehumet
Wu Jian
Xom
Zin
The Shining One

Shops:
D:4 }[[(*


Innate Abilities, Weirdness & Mutations

You have sharp toenails.
You are partially covered in sharp spines.
You are immune to rotting.
You have a beak for a mouth.
You are somewhat resistant to further mutation.


Message History

The orc warrior is severely wounded.
The orc warrior is struck by your spines.
The orc warrior hits you with a cursed -2 war axe!
You block the orc wizard's attack.
You closely miss the orc warrior.
You peck the orc warrior, but do no damage.
The orc warrior is severely wounded.
The orc warrior closely misses you.
The orc wizard miscasts a cantrip.
The orc wizard gestures at you while chanting.
The magic dart hits you!
Your chain mail prevents you from hitting the orc warrior.
The orc warrior is severely wounded.
The orc warrior hits you with a cursed -2 war axe!
* * * LOW HITPOINT WARNING * * *
The orc wizard casts a spell at you. The puff of flame hits you!
* * * LOW HITPOINT WARNING * * *
The orc warrior hits you with a cursed -2 war axe!
You die...

##.########.####.....%
.........#............
.........#............
........ ...........#
###.#...####.##........
.............##.........
.##...###........o......
..#............o###...#.
................@oo.....
..###...........#######.
......###.......#
......###.......#..
....................
......###.......#...
....................
......##........#...
......##...........#


You could see an orc warrior and 2 orc wizards.

Vanquished Creatures
  Grinder (D:3)
  Eustachio (D:6)
  Sigmund (D:3)
  3 sky beasts
  A phantom (D:5)
  An ogre (D:5)
  A centaur (D:6)
  A bullfrog (D:6)
  A howler monkey (D:2)
  2 crimson imps
  4 hounds
  Crazy Yiuf (D:3)
  A bullfrog skeleton (D:5)
  An iguana (D:5)
  Terence (D:2)
  2 orc wizards
  Natasha (twice) (D:3)
  3 worker ants (D:5)
  A hound skeleton (D:3)
  A hound zombie (D:5)
  9 adders
  4 gnolls (D:4)
  2 oozes (D:2)
  An adder skeleton (D:3)
  2 worms
  5 dart slugs
  2 leopard geckos
  15 orcs
  3 bats
  3 giant cockroaches (D:1)
  6 goblins
  6 hobgoblins
  4 quokkas
  A ball python (D:3)
  A frilled lizard (D:3)
  11 kobolds
  8 rats
113 creatures vanquished.

Notes
Turn   | Place    | Note
-------+----------+-------------------------------------------
     0 | D:1      | Revguard the Demonspawn Archaeologist began the quest for
                  | the Orb.
     0 | D:1      | Reached XP level 1. HP: 15/15 MP: 1/1
   149 | D:1      | Reached skill level 1 in Maces & Flails
   311 | D:1      | Gained mutation: You are partially covered in sharp spines.
                  | [demonic ancestry]
   311 | D:1      | Reached XP level 2. HP: 16/21 MP: 2/2
   352 | D:1      | Reached skill level 1 in Armour
   634 | D:1      | Reached skill level 1 in Evocations
   753 | D:2      | Noticed Terence
   761 | D:2      | Killed Terence
   761 | D:2      | Reached XP level 3. HP: 16/26 MP: 3/3
   781 | D:2      | Reached skill level 1 in Axes
   781 | D:2      | Gained mutation: You have sharp toenails. [demonic
                  | ancestry]
   781 | D:2      | Reached XP level 4. HP: 21/32 MP: 3/5
  1644 | D:3      | Reached XP level 5. HP: 30/37 MP: 6/6
  1735 | D:3      | Noticed Grinder
  1757 | D:3      | Killed Grinder
  1757 | D:3      | Reached XP level 6. HP: 20/44 MP: 8/8
  1794 | D:3      | Gained mutation: Your body sometimes deteriorates upon
                  | taking damage. [potion of mutation]
  1794 | D:3      | Gained mutation: Your muscles are strong. (Str +2) [potion
                  | of mutation]
  1815 | D:3      | Found a faded altar of an unknown god.
  2007 | D:3      | Found a runed door.
  2136 | D:3      | Found a glowing golden altar of the Shining One.
  2315 | D:3      | Noticed Sigmund
  2329 | D:3      | Killed Sigmund
  2329 | D:3      | Reached XP level 7. HP: 30/51 MP: 9/9
  2338 | D:3      | Lost mutation: Your body sometimes deteriorates upon taking
                  | damage. [potion of mutation]
  2338 | D:3      | Lost mutation: Your muscles are strong. (Str +2) [potion of
                  | mutation]
  2338 | D:3      | Gained mutation: You are somewhat resistant to further
                  | mutation. [potion of mutation]
  2338 | D:3      | Gained mutation: You have a beak for a mouth. [potion of
                  | mutation]
  2396 | D:3      | Noticed Natasha
  2400 | D:3      | Killed Natasha
  2566 | D:3      | Noticed Natasha
  2572 | D:3      | Killed Natasha
  2730 | D:3      | Noticed Crazy Yiuf
  2740 | D:3      | Killed Crazy Yiuf
  2836 | D:4      | Found Wusouw's Armour Emporium.
  2874 | D:4      | Found Gasix's Gadget Boutique.
  2982 | D:4      | Found Siammal's Antique Weapon Shop.
  3033 | D:4      | Found a staircase to the Ecumenical Temple.
  3053 | Temple   | Entered the Ecumenical Temple
  3171 | Temple   | Became a worshipper of Makhleb the Destroyer
  3205 | D:4      | Found Ilomad's Assorted Antiques.
  3216 | D:4      | Bought a yellow potion for 23 gold pieces
  3536 | D:4      | Got a crystal long sword
  3640 | D:4      | Reached skill level 1 in Invocations
  3640 | D:4      | Gained mutation: You are immune to rotting. [demonic
                  | ancestry]
  3640 | D:4      | Reached XP level 8. HP: 42/58 MP: 11/11
  3690 | D:4      | Found an iron altar of Okawaru.
  3775 | D:4      | Found Arueryxo's Armour Shoppe.
  3977 | D:5      | Entered Level 5 of the Dungeon
  4147 | D:5      | Reached skill level 5 in Axes
  4268 | D:5      | Identified the +10 long sword of Mimathript {slice, Str-5
                  | Int+4 Dex+5} (You found it on level 4 of the Dungeon)
  4890 | D:6      | Reached * piety under Makhleb
  4904 | D:6      | Noticed Eustachio
  4915 | D:6      | Reached skill level 5 in Armour
  4917 | D:6      | Killed Eustachio
  5120 | D:6      | Slain by an orc warrior

Skill      XL: |  1  2  3  4  5  6  7  8 |
---------------+-------------------------+-----
Maces & Flails | 1 |  1.1
Dodging        | 3 4 |  4.9
Armour         | 1 2 3 4 5 |  5.4
Evocations     | 1 2 3 4 |  4.6
Axes           | 1 3 4 5 |  5.7
Fighting       | 2 3 4 |  4.3
Invocations    | 1 3 |  3.0
Short Blades   | |  0.7
Long Blades    | |  0.4
Stealth        | |  3.0

Action                   |  1- 3 |  4- 6 |  7- 9 || total
-------------------------+-------+-------+-------++-------
Melee: Whip              |    31 |       |       ||    31
       Dagger            |    34 |   104 |    96 ||   234
       Peck              |       |       |    24 ||    24
       Long sword        |       |       |    50 ||    50
 Abil: Evoke Invisibilit |       |       |     1 ||     1
  Use: Scroll            |       |     6 |     3 ||     9
       Potion            |       |     1 |     5 ||     6
 Stab: Sleeping          |     4 |       |       ||     4
  Eat: Chunk             |       |     5 |     5 ||    10
       Ration            |       |       |     1 ||     1
Armor: Robe              |    19 |     1 |       ||    20
       Ring mail         |       |    14 |       ||    14
       Scale mail        |       |     8 |       ||     8
       Chain mail        |       |     9 |    71 ||    80
Dodge: Dodged            |    36 |    48 |    46 ||   130
Block: Other             |       |       |    13 ||    13
